 Seeded DCSS version 0.31-a0-542-gdc2a67831c (webtiles) character file.

Game seed: 827770879578848012 (custom seed)

65 Mickster the Gusty (level 4, -2/24 HPs)
             Began as a Tengu Air Elementalist on Aug 14, 2023.
             Slain by a worm (7 damage)
             ... on level 2 of the Dungeon.
             The game lasted 00:29:25 (1943 turns).

Mickster the Gusty (Tengu Air Elementalist)         Turns: 1943, Time: 00:29:25

Health: -2/24      AC:  2    Str:  8    XL:     4   Next: 13%
Magic:  2/9        EV: 12    Int: 17    God:
Gold:   85         SH:  0    Dex: 15    Spells: 5/8 levels left

rFire   . . .        e - +0 short sword
rCold   . . .        (no shield)
rNeg    . . .        a - +0 robe
rPois   .            (helmet restricted)
rElec   .            (no cloak)
rCorr   .            (no gloves)
SInv    .            (boots unavailable)
Will    .....        (no amulet)
Stlth   ++           (no ring)
HPRegen 0.24/turn    (no ring)
MPRegen 0.11/turn

%: no passive effects
@: very slightly contaminated
A: beak, talons 3
a: no special abilities


You were on level 2 of the Dungeon.
You visited 1 branch of the dungeon, and saw 2 of its levels.

You collected 85 gold pieces.

Inventory:

Hand Weapons
 c - a +0 dagger
 e - a +0 short sword (weapon)
Missiles
 d - 22 stones
Armour
 a - a +0 robe (worn)
 h - a +0 leather armour
 k - a +0 ring mail
Potions
 b - a potion of magic
 f - a potion of invisibility {unknown}
 g - a potion of lignification {unknown}
 i - a potion of ambrosia {unknown}
 l - a potion of brilliance {unknown}


   Skills:
 + Level 0.8 Fighting
 * Level 1.5 Short Blades
 + Level 2.2 Dodging
 + Level 2.0 Stealth
 + Level 2.7 Spellcasting
 + Level 1.5 Conjurations
 * Level 5.0 Air Magic


You had 5 spell levels left.
You knew the following spells:

 Your Spells              Type           Power      Damage    Failure   Level
a - Shock                 Conj/Air       52%        1d6       4%          1
b - Static Discharge      Conj/Air       26%        2-4/arc   7%          2

Your spell library contained the following spells:

 Spells                   Type           Power      Damage    Failure   Level
 Swiftness                Air            19%        N/A       7%          3
 Airstrike                Air            9%         2d(2-18)  22%         4


Dungeon Overview and Level Annotations

Branches:
Dungeon (2/15)

Altars:


Innate Abilities, Weirdness & Mutations

You have a beak for a mouth.
You have claws for feet.


Message History

Casting: Shock (safe; 4% risk of failure)
Confirm with . or Enter, or press ? or * to list all spells.
You can't see any susceptible monsters within range! (Use Z to cast anyway.)
A worm comes into view.
Found an escape hatch in the floor.
Things that are here:
a +0 club; a hobgoblin corpse; a goblin corpse You see here a +0 club.
Found a scroll labelled DUEBASUIFO.
You see here 2 poisoned darts.
Casting: Shock (safe; 4% risk of failure)
Confirm with . or Enter, or press ? or * to list all spells.
Aiming: Shock (safe; 4% risk of failure)
Press: ? - help, Shift-Dir - straight line, f - worm
Aim: a worm (89% to hit)
The zap hits the worm.
The worm is lightly wounded.
Casting: Shock (safe; 4% risk of failure)
Confirm with . or Enter, or press ? or * to list all spells.
Aiming: Shock (safe; 4% risk of failure)
Press: ? - help, Shift-Dir - straight line, f/p - worm
Aim: a worm (lightly wounded, 89% to hit)
The zap hits the worm.
The worm is moderately wounded.
Casting: Shock (safe; 4% risk of failure)
Confirm with . or Enter, or press ? or * to list all spells.
Aiming: Shock (safe; 4% risk of failure)
Press: ? - help, Shift-Dir - straight line, f/p - worm
Aim: a worm (lightly wounded, 89% to hit)
You miscast Shock.
You are very lightly contaminated with residual magic.
Nothing appears to happen.
The worm bites you.
* * * LOW HITPOINT WARNING * * *
You barely miss the worm. Your kick misses the worm.
You peck the worm, but do no damage.
The worm is lightly wounded.
You hit the worm.
The worm is lightly wounded.
The worm bites you!
You die...

......? .## ....>.
....## ..... . ##
#.#...##... # ..#
#..##..#.. # #.###..#
#.#.#####.# ## #...#..#
#..........
.####...##.####(@w....#
........##.##.))......#
............†..#.......#
....).#.....##.......#..
......#.#....##.##...# .
........#.##....####..#
.....####.# ##..... #...
....## #.#####.... ...
.########......####


You could see a worm.

Vanquished Creatures
  3 adders (D:2)
  A worm (D:2)
  2 ball pythons (D:1)
  5 bats (D:1)
  3 endoplasms (D:1)
  A giant cockroach (D:1)
  6 goblins
  4 hobgoblins
  2 quokkas
  A frilled lizard (D:1)
  4 kobolds
  A rat (D:1)
33 creatures vanquished.

Notes
Turn   | Place    | Note
-------+----------+-------------------------------------------
     0 | D:1      | Mickster the Tengu Air Elementalist began the quest for the
                  | Orb.
     0 | D:1      | Reached XP level 1. HP: 10/10 MP: 4/4
   240 | D:1      | Reached XP level 2. HP: 15/15 MP: 0/6
   470 | D:1      | Found a faded altar of an unknown god.
   876 | D:1      | Reached XP level 3. HP: 19/19 MP: 1/7
  1081 | D:1      | Learned a level 2 spell: Static Discharge
  1612 | D:2      | Reached skill level 1 in Short Blades
  1730 | D:2      | Upgraded the game from 0.31-a0-538-gbc85326fa9 to
                  | 0.31-a0-542-gdc2a67831c
  1913 | D:2      | Reached XP level 4. HP: 19/24 MP: 6/9
  1919 | D:2      | Reached skill level 5 in Air Magic
  1943 | D:2      | Slain by a worm

Illustrated notes

Levels and vault maps discovered:
D:1:      dpeg_arrival_erosion, layout_basic, basic_ecumenical_altar
D:2:      layout_rooms, minmay_indecisive_spiral

Skill      XL: |  1  2  3  4 |
---------------+-------------+-----
Short Blades   | 1 |  1.5
Air Magic      | 5 |  5.0
Fighting       | |  0.8
Dodging        | |  2.2
Stealth        | |  2.0
Spellcasting   | |  2.7
Conjurations   | |  1.5

Action                     |  1- 3 |  4- 6 || total
---------------------------+-------+-------++-------
  Melee: Kick              |     3 |     3 ||     6
         Unarmed           |     2 |       ||     2
         Dagger            |     4 |       ||     4
         Short sword       |    13 |     7 ||    20
         Peck              |     4 |     2 ||     6
  Throw: Stone             |     5 |       ||     5
         Dart              |     4 |     2 ||     6
   Cast: Shock             |    49 |     6 ||    55
         Static Discharge  |     3 |       ||     3
    Use: Scroll            |     2 |       ||     2
 Armour: Robe              |     8 |       ||     8
  Dodge: Dodged            |    13 |       ||    13

Table legend: (Time is in decaauts)
 A = Elapsed time spent in this place.
 B = Non-inter-level travel time spent in this place.
 C = Inter-level travel time spent in this place.
 D = Time resting spent in this place.
 E = Time spent auto-exploring this place.
 F = Levels seen in this place.
 G = Mean time per level.
                   A        B        C        D        E       F      G
               +--------+--------+--------+--------+--------+-----+--------+
         Total |   1941 |   1912 |     29 |   1012 |      0 |   2 |  970.5 |
       Dungeon |   1941 |   1912 |     29 |   1012 |      0 |   2 |  970.5 |
               +--------+--------+--------+--------+--------+-----+--------+

Top non-repeatable levels by time:
     D:1: 1594 daAuts
     D:2: 347 daAuts
